 Dungeon Crawl Stone Soup version 0.17.0-23-g0de4337 (webtiles) character file.

722876 oplop the Phalangite (level 27, -1/354 HPs)
             Began as a Merfolk Ice Elementalist on Nov 12, 2015.
             Was the Champion of Cheibriados.
             Slain by a white draconian knight
             ... wielding a +0 halberd
              (22 damage)
             ... on level 1 of the Realm of Zot on Nov 13, 2015.
             The game lasted 04:47:55 (69119 turns).

oplop the Phalangite (Merfolk Ice Elementalist)    Turns: 69119, Time: 04:47:55

Health: -1/354     AC: 19    Str: 37    XL:     27
Magic:  56/63      EV: 37    Int: 37    God:    Cheibriados [******]
Gold:   8964       SH:  0    Dex: 36    Spells: 13 memorised, 6 levels left

rFire  + + +     SeeInvis +     N - +8 bardiche (chop)
rCold  + + +     Clarity  .     Z - +3 salamander hide armour {+Rage rF++}
rNeg   + . .     SustAt   .     (shield currently unavailable)
rPois  +         Gourm    .     k - -2 hat of the Alchemist {rElec rPois rF+ rC+ rN+ MR+ rMut rCorr}
rElec  +         Spirit   .     E - +2 cloak of Negation {rC+ Str+3 Int+2 Dex+2}
rCorr  +         Warding  .     e - +2 pair of gloves
rMut   +         Stasis   .     P - +0 pair of boots of the Lonely Realms {MP+9 Dex+3 Slay+2}
MR     +++..                    i - amulet of faith
Stlth  ..........               F - ring of wizardry
                                o - ring "Huudweem" {MP+9 SInv}

@: berserking, regenerating, deflect missiles, very slow, extremely resistant to
hostile enchantments, extremely unstealthy
A: change form in water, swift swim, horns 1, iridescent scales 1, yellow scales
1, blink, cold resistance 1, sense surroundings 1, robust 1, evolution 1
a: Blink, Bend Time, Temporal Distortion, Slouch, Step From Time, Renounce
Religion, Evoke Berserk Rage
}: 5/15 runes: barnacled, slimy, silver, abyssal, gossamer


You were on level 1 of the Realm of Zot.
You worshipped Cheibriados.
Cheibriados was exalted by your worship.
You were not hungry.

You visited 12 branches of the dungeon, and saw 59 of its levels.
You visited the Abyss 1 time.
You also visited: Labyrinth, Trove, Ice Cave and Wizlab.

You collected 11931 gold pieces.
You spent 2967 gold pieces at shops.

Inventory:

Hand Weapons
 l - a +5 demon trident of freezing
 N - a +8 bardiche of chopping (weapon)
Armour
 e - a +2 pair of gloves (worn)
 k - the -2 hat of the Alchemist (worn) {rElec rPois rF+ rC+ rN+ MR+ rMut rCorr}
   (You bought it in a shop on level 4 of the Orcish Mines)

   It protects you from fire.
   It protects you from cold.
   It insulates you from electricity.
   It protects you from poison.
   It protects you from negative energy.
   It affects your resistance to hostile enchantments.
   It protects you from acid and corrosion.
   It protects you from mutation.
 E - the +2 cloak of Negation (worn) {rC+ Str+3 Int+2 Dex+2}
   (You bought it in a shop on level 5 of the Dungeon)

   It affects your strength (+3).
   It affects your intelligence (+2).
   It affects your dexterity (+2).
   It protects you from cold.
 P - the +0 pair of boots of the Lonely Realms (worn) {MP+9 Dex+3 Slay+2}
   (You found it on level 3 of the Depths)

   It affects your dexterity (+3).
   It affects your accuracy and damage with ranged weapons and melee attacks
   (+2).
   It affects your magic capacity (+9).
 Z - the +3 salamander hide armour (worn) {+Rage rF++}
   (You took it off a deep elf death mage on level 3 of the Elven Halls)

   It greatly protects you from fire.
   It lets you go berserk.
Magical Staves
 y - an uncursed staff of cold
 L - an uncursed staff of wizardry
Jewellery
 b - an uncursed ring of positive energy
 i - an amulet of faith (around neck)
 o - the ring "Huudweem" (left hand) {MP+9 SInv}
   (You found it on level 6 of the Pits of Slime)

   [ring of magical power]

   It affects your magic capacity (+9).
   It lets you see invisible.
 r - an uncursed ring of protection from fire
 s - an uncursed ring of protection from magic
 F - a ring of wizardry (right hand)
Wands
 d - a wand of teleportation (3)
 p - a wand of invisibility (2)
 z - a wand of disintegration (13)
 D - a wand of digging (8)
Scrolls
 g - 4 scrolls of vulnerability
 t - 5 scrolls of fog
 u - 23 scrolls of remove curse
 w - 11 scrolls of identify
 x - 9 scrolls of immolation
 A - 6 scrolls of amnesia
 B - 12 scrolls of recharging
 C - 5 scrolls of blinking
 G - 9 scrolls of enchant armour
 M - 9 scrolls of fear
 Q - 11 scrolls of teleportation
 R - 12 scrolls of magic mapping
 S - a scroll of brand weapon
 Y - a scroll of silence
Potions
 a - 7 potions of brilliance
 f - 20 potions of curing
 m - 7 potions of heal wounds
 n - 2 potions of might
 v - 6 potions of flight
 J - 10 potions of magic
 K - 3 potions of cancellation
 V - 2 potions of cure mutation
 W - 3 potions of resistance
 X - 9 potions of agility
Books
 j - a book of Annihilations

   Spells                             Type                      Level
   a - Poison Arrow                   Conjuration/Poison           6
   b - Chain Lightning                Conjuration/Air              8
   c - Lehudib's Crystal Spear        Conjuration/Earth            8
   d - Glaciate                       Conjuration/Ice              9
   e - Fire Storm                     Conjuration/Fire             9
 H - a Necronomicon

   Spells                             Type                      Level
   a - Haunt                          Necromancy/Summoning         7
   b - Borgnjor's Revivification      Necromancy                   8
   c - Death's Door                   Charms/Necromancy            8
   d - Necromutation                  Transmutation/Necromancy     8
 I - the Guide on Creative Lightness
   (You found it on level 5 of the Vaults)

   Spells                             Type                      Level
   a - Summon Butterflies             Summoning                    1
   b - Repel Missiles                 Charms/Air                   2
   c - Call Imp                       Summoning                    2
   d - Conjure Ball Lightning         Conjuration/Air              6
   e - Tornado                        Air                          9
 O - a book of Power

   Spells                             Type                      Level
   a - Fulminant Prism                Conjuration/Hexes            4
   b - Iskenderun's Mystic Blast      Conjuration                  4
   c - Venom Bolt                     Conjuration/Poison           5
   d - Bolt of Magma                  Conjuration/Fire/Earth       5
   e - Iron Shot                      Conjuration/Earth            6
   f - Orb of Destruction             Conjuration                  7
   g - Spellforged Servitor           Conjuration/Summoning        7
Miscellaneous
 q - a legendary deck of summoning {Foxfire}
Comestibles
 c - 35 bread rations
 h - 21 meat rations
 T - 4 fruits
 U - 6 chunks of flesh


   Skills:
 - Level 17.2 Fighting
 - Level 26.4 Polearms
 - Level 10.1 Armour
 - Level 20.6 Dodging
 - Level 2.1 Stealth
 - Level 6.3 Unarmed Combat
 + Level 18.6 Spellcasting
 + Level 17.5 Conjurations
 - Level 7.4 Charms
 - Level 4.0 Summonings
 - Level 15.8 Translocations
 + Level 19.6 Ice Magic
 - Level 7.0 Air Magic
 - Level 10.7 Invocations


You had 6 spell levels left.
You knew the following spells:

 Your Spells              Type           Power        Failure   Level  Hunger
a - Freeze                Ice            ####         0%          1    None
b - Ozocubu's Armour      Chrm/Ice       #######.     0%          3    None
c - Condensation Shield   Ice            ########..   0%          4    None
d - Glaciate              Conj/Ice       ########..   16%         9    ######.
f - Summon Butterflies    Summ           ######..     1%          1    None
g - Controlled Blink      Tloc           N/A          4%          8    ####...
h - Spectral Weapon       Hex/Chrm       ######..     1%          3    None
i - Regeneration          Chrm/Necr      ######....   1%          3    None
k - Freezing Cloud        Conj/Ice/Air   #######...   1%          6    None
m - Aura of Abjuration    Summ           ######....   2%          5    None
n - Deflect Missiles      Chrm/Air       ######....   4%          6    None
o - Orb of Destruction    Conj           ########..   1%          7    #......
w - Apportation           Tloc           ########..   0%          1    None


Dungeon Overview and Level Annotations

Branches:
Dungeon (15/15)            Temple (1/1) D:4            Lair (8/8) D:8
 Shoals (4/4) Lair:3       Spider (4/4) Lair:5        Slime (6/6) Lair:6
    Orc (4/4) D:10            Elf (3/3) Orc:3        Vaults (5/5) D:14
  Crypt (3/3) Vaults:3       Tomb (0/3) Crypt:3      Depths (5/5) D:15
    Zot (1/5) Depths:5

Altars:
Ashenzari
Cheibriados
Dithmenos
Elyvilon
Fedhas
Gozag
Kikubaaqudgha
Makhleb
Nemelex Xobeh
Okawaru
Qazlal
Ru
Sif Muna
Trog
Vehumet
Xom
Yredelemnul
Zin
The Shining One
Beogh
Jiyva
Lugonu

Shops:
D:5 [   D:6 (   D:15 [   Orc:4 %}=[   Elf:1 ?   Shoals:3 *   Vaults:1 }
Vaults:2 %   Vaults:3 :   Vaults:4 :(?*   Depths:1 !   Depths:2 (*[
Depths:5 (

Portals:
Hell: Depths:1 Depths:2 Depths:3 Depths:4 Depths:5
Abyss: Depths:4
Pandemonium: Depths:3 Depths:4
Ziggurat: Depths:5

Annotations:
Crypt:2 Saint Roka


Innate Abilities, Weirdness & Mutations

You revert to your normal form in water.
You are very nimble and swift while swimming.
You have a pair of small horns on your head.
You are partially covered in iridescent scales (AC +4).
You are partially covered in yellow scales (AC +2).
You can translocate small distances at will.
Your flesh is cold resistant.
You passively map a small area around you.
You are robust (+10% HP).
You evolve.


Message History

Attack whom?
Press: ? - help, Dir - move target cursor, f/p - white draconian knight
Aim: a white draconian knight, wielding a halberd and wearing a cloak (freezing vapour, heavily wounded, covered in an icy film)
You reach to attack!
You slash the white draconian knight!
The white draconian knight is severely wounded.
The white draconian knight completely misses you.
Attack whom?
Press: ? - help, Dir - move target cursor, f/p - white draconian knight
Aim: a white draconian knight, wielding a halberd and wearing a cloak (freezing vapour, severely wounded, covered in an icy film)
You reach to attack!
You closely miss the white draconian knight.
The white draconian knight is severely wounded.
Attack whom?
Press: ? - help, Dir - move target cursor, f/p - white draconian knight
Aim: a white draconian knight, wielding a halberd and wearing a cloak (freezing vapour, severely wounded, covered in an icy film)
You reach to attack!
You hit the white draconian knight.
The white draconian knight is severely wounded.
The white draconian knight is engulfed in freezing vapours.
The white draconian knight hits you from afar with a halberd!!
You die...

, ,* #.##.##.....#
#+##########'##.########
* ..............#.# , ,.
..............#.. , , .
.....###......+..* , .
.....#≈#......# ..
.....#≈#.))...#
...:.###..§§..# *
......)@...§).#* ,
*+######§####§## ,
**#q#**#§# , , , *, §§§
#§# * , , .### #.. , ..
..#* * # ,*#.# , * * , *
*, ,


You could see a white draconian knight.

Vanquished Creatures
  the royal jelly (Slime:6)
  An orb of fire (Zot:1)
  Mara (Depths:3)
  4 ancient liches
  A juggernaut (Depths:5)
  Sojobo (Depths:1)
  Norris (Depths:1)
  4 golden dragons
  7 liches
  Jory (Depths:4)
  4 bone dragons
  Jorgrun (Depths:2)
  An Ice Fiend (IceCv)
  5 tentacled monstrosities
  3 deep elf blademasters
  Asterion (Depths:2)
  A shard shrike skeleton (Crypt:1)
  2 deep elf master archers (Elf:3)
  4 titans
  4 quicksilver dragons
  2 krakens
  2 octopode crushers
  6 sphinxes
  27 acid blobs
  Polyphemus (Shoals:2)
  10 tentacled starspawn
  2 death cobs (Zot:1)
  An eldritch tentacle (WizLab)
  An Executioner (Abyss:3)
  3 ancient champions
  Agnes (D:14)
  Frances (Shoals:2)
  2 shadow dragons
  7 tengu reavers
  3 storm dragons
  20 azure jellies
  2 revenants
  Ilsuiw (Shoals:4)
  A greater naga (Depths:3)
  21 frost giants
  5 ghost moths
  Maud (Lair:3)
  18 vault wardens
  A draconian scorcher (Zot:1)
  4 orc warlords
  10 fire giants
  2 iron dragons
  5 deep elf sorcerers
  3 curse skulls
  6 emperor scorpions
  2 cacodemons (Abyss:3)
  2 draconian zealots
  4 ghouls
  A draconian shifter (WizLab)
  5 war gargoyles
  A juggernaut zombie (Crypt:1)
  18 very ugly things
  3 spriggan defenders
  An angel (Abyss:3)
  17 ironheart preservers
  16 stone giants
  4 green draconians
  5 ophanim (Abyss:3)
  A salamander stormcaller (Vaults:5)
  3 draconian callers (Depths:5)
  A purple draconian (Depths:5)
  A lorocyproca (Abyss:3)
  6 vampire knights
  11 deep elf demonologists
  3 black draconians
  8 deep elf annihilators
  2 white draconians
  2 mottled draconians (Zot:1)
  2 yellow draconians (Zot:1)
  3 red draconians
  An ettin (shapeshifter) (Vaults:3)
  2 blizzard demons
  13 deep elf death magi
  5 merfolk javelineers
  Snorg (Lair:4)
  12 ettins
  16 ogre magi
  13 merfolk impalers
  7 death oozes (Slime:6)
  27 vault guards
  Josephine (Lair:6)
  11 fire dragons
  19 yaktaur captains
  7 great orbs of eyes
  2 eidola
  4 deep elf high priests
  3 minotaurs
  8 rakshasas
  10 hydras
  9 jiangshi
  9 entropy weavers
  Harold (Orc:1)
  12 centaur warriors
  2 quicksilver dragon skeletons (Crypt:3)
  An ice dragon (shapeshifter) (Vaults:2)
  3 spriggan air magi
  2 naga warriors (Depths:3)
  A catoblepas (Shoals:2)
  4 alligator snapping turtles
  12 ice dragons
  5 merfolk avatars
  A hell beast (Depths:5)
  4 death knights
  A satyr (shapeshifter) (Depths:2)
  6 merfolk aquamancers
  5 tengu warriors
  15 dancing weapons
  11 deep troll earth magi
  10 death yaks
  6 satyrs
  16 deep troll shamans
  7 vampire magi
  A titan zombie (Crypt:3)
  23 deep elf knights
  6 orc high priests
  9 spriggan berserkers
  2 sun demons (Abyss:3)
  2 storm dragon zombies (Abyss:3)
  3 fire crabs
  20 thrashing horrors
  A fire crab (shapeshifter) (Vaults:3)
  9 hell knights
  11 wretched stars
  3 iron trolls
  46 skeletal warriors
  2 giant orange brains
  A salamander mystic (Depths:3)
  A giant orange brain (shapeshifter) (D:15)
  A storm dragon skeleton (Vaults:4)
  6 hill giants
  3 spatial maelstroms (Abyss:3)
  A ghost moth zombie (Abyss:3)
  8 shadow wraiths
  6 ice devils
  8 flayed ghosts
  40 deep trolls
  2 cherubim (Abyss:3)
  5 unseen horrors
  15 sea snakes
  A kraken simulacrum (Shoals:4)
  8 wizards
  2 obsidian statues
  23 deep elf summoners
  12 phantasmal warriors
  37 harpies
  20 orc knights
  2 anubis guards (shapeshifter)
  3 harpies (shapeshifter)
  2 anaconda skeletons
  17 ironbrand convokers
  48 ugly things
  10 necromancers
  A lindwurm (Lair:8)
  18 deep elf conjurers
  21 manticores
  18 orb spiders
  10 cyclopes
  29 wolf spiders
  7 shining eyes
  An iron dragon zombie (Crypt:1)
  27 fauns
  3 shadow dragon skeletons
  4 fire giant zombies
  8 hornets
  A frost giant zombie (Vaults:5)
  2 stone giant zombies
  9 sixfirhies (Abyss:3)
  18 griffons
  4 moths of wrath
  2 elephants (Lair:7)
  A tengu skeleton (Vaults:3)
  9 orc sorcerers
  10 fire giant skeletons (Crypt:3)
  13 sirens
  14 vault sentinels
  8 water nymphs
  An elephant (shapeshifter) (Vaults:2)
  4 centaur zombies
  2 guardian serpents (shapeshifter)
  2 rust devils (Abyss:3)
  7 worldbinders (Abyss:3)
  5 black mambas
  3 stone giant skeletons (Crypt:3)
  14 spiny frogs
  A frost giant skeleton (Vaults:3)
  A dire elephant zombie (Crypt:1)
  A hornet (shapeshifter) (Vaults:4)
  An ice statue (IceCv)
  5 apocalypse crabs (Abyss:3)
  5 eyes of devastation
  4 guardian serpents
  A storm dragon simulacrum (Abyss:3)
  Psyche (D:12)
  6 gargoyles
  2 orange demons (Abyss:3)
  8 torpor snails
  32 small abominations
  A manticore (shapeshifter) (Depths:3)
  12 smoke demons (Abyss:3)
  9 komodo dragons
  A hellion (Abyss:3)
  A demonspawn skeleton (WizLab)
  2 salamander skeletons
  An emperor scorpion zombie (Crypt:3)
  4 kobold demonologists
  9 centaur skeletons
  5 spectral swamp worms (Depths:3)
  4 human zombies
  22 demonic crawlers
  2 tormentors
  A fire drake (Lair:7)
  7 tengu conjurers
  23 deep elf priests
  2 golden dragon simulacra (IceCv)
  A yaktaur skeleton (Vaults:3)
  2 hellwings (Abyss:3)
  72 yaktaurs
  An anaconda simulacrum (IceCv)
  A merfolk (shapeshifter) (Depths:3)
  2 efreet (Abyss:3)
  15 freezing wraiths
  A white draconian skeleton (Crypt:1)
  A hydra zombie (Crypt:3)
  13 ancient zymes
  A blue devil (IceCv)
  A queen bee (shapeshifter) (Vaults:4)
  8 polar bears (Lair:8)
  43 merfolk
  A troll (shapeshifter) (Abyss:3)
  26 raiju (Abyss:3)
  28 blink frogs
  3 ettin zombies
  2 wind drakes
  32 jumping spiders
  A slime creature (shapeshifter) (Elf:2)
  2 hydra skeletons (Crypt:3)
  35 two-headed ogres
  A blink frog (shapeshifter) (Vaults:5)
  7 snapping turtles
  15 trolls
  3 giant leeches (Lair:8)
  3 harpy skeletons
  5 boulder beetles
  A deep troll zombie (Depths:1)
  A frost giant simulacrum (Abyss:3)
  A snapping turtle (shapeshifter) (Vaults:5)
  3 bog bodies (Crypt:2)
  A trapdoor spider zombie (D:9)
  51 large abominations
  A fire dragon zombie (Depths:1)
  153 slime creatures
  38 tarantellas
  A yak (shapeshifter) (Depths:1)
  A redback (shapeshifter) (Depths:4)
  9 flying skulls
  46 deep elf magi
  52 redbacks
  17 water elementals
  An ice dragon skeleton (Crypt:1)
  28 trapdoor spiders
  2 air elementals (Depths:3)
  3 ettin skeletons
  6 vampires
  A black mamba zombie (Crypt:1)
  A human (shapeshifter) (D:14)
  22 wraiths
  6 shadows
  5 dire elephant simulacra (IceCv)
  6 fire dragon skeletons (Crypt:3)
  10 spriggans
  4 basilisks
  3 fire bats (Lair:5)
  9 ynoxinuls (Abyss:3)
  A basilisk (shapeshifter) (Vaults:1)
  2 spriggans (shapeshifter)
  4 wyverns
  36 yaks
  A wolf (shapeshifter) (Elf:2)
  21 neqoxecs
  12 hippogriffs
  A hippogriff (shapeshifter) (D:14)
  8 hungry ghosts
  A catoblepas simulacrum (Crypt:1)
  4 chaos spawn (Abyss:3)
  52 deep elf fighters
  12 wargs
  3 iron troll simulacra (IceCv)
  12 vampire mosquitoes
  17 wolves
  14 golden eyes
  An insubstantial wisp (WizLab)
  A steam dragon (Lair:5)
  7 spatial vortices
  3 mottled dragons
  8 hell hounds
  5 ice beasts
  5 hydra simulacra (IceCv)
  13 porcupines
  15 soldier ants (Lair:1)
  Duvessa (D:5)
  3 ettin simulacra (IceCv)
  14 water moccasins
  67 orc warriors
  2 black bears (shapeshifter)
  3 sky beasts
  A slave (D:7)
  2 eyes of draining (shapeshifter)
  A snapping turtle zombie (Crypt:3)
  33 spiders
  15 wasps
  4 eyes of draining
  2 deep troll skeletons
  6 necrophages
  A manticore zombie (Abyss:3)
  11 black bears
  An ogre (shapeshifter) (D:15)
  A phantom (D:7)
  48 starcursed masses (Abyss:3)
  A fire dragon simulacrum (Abyss:3)
  61 ogres
  13 centaurs
  2 elf skeletons (Vaults:3)
  5 human skeletons
  A swamp dragon skeleton (Crypt:1)
  16 boggarts
  2 manticore skeletons
  An orc skeleton (WizLab)
  24 crocodiles
  5 brain worms
  An earth elemental (Abyss:3)
  An octopode zombie (Crypt:2)
  A gnoll sergeant (D:10)
  A dryad skeleton (Crypt:2)
  A komodo dragon skeleton (Crypt:1)
  Dowan (D:5)
  11 big kobolds
  A wyvern skeleton (D:14)
  22 giant frogs
  36 wights
  A swamp dragon simulacrum (IceCv)
  A water moccasin skeleton (Crypt:1)
  5 scorpions
  A troll skeleton (Abyss:3)
  16 killer bees
  33 jellies
  12 hounds
  7 crimson imps
  5 electric eels
  A giant frog zombie (D:8)
  A lava snake (Lair:5)
  47 orc priests
  37 orc wizards
  A draconian simulacrum (IceCv)
  2 iron imps (Abyss:3)
  7 quasits
  Crazy Yiuf (D:3)
  2 giant frog skeletons (D:10)
  Ijyb (D:3)
  A black bear zombie (Crypt:1)
  A two-headed ogre skeleton (Crypt:1)
  A spriggan simulacrum (IceCv)
  Natasha (thrice) (D:4)
  25 worker ants
  6 iguanas
  2 centaur simulacra (IceCv)
  16 sheep
  3 troll simulacra (IceCv)
  2 wolf simulacra (IceCv)
  An ogre zombie (Crypt:3)
  A hound skeleton (D:4)
  12 gnolls
  A worker ant zombie (D:7)
  3 naga simulacra (IceCv)
  20 adders
  102 river rats
  5 shadow imps
  An ogre simulacrum (IceCv)
  A steam dragon skeleton (Crypt:2)
  23 white imps
  2 giant eyeballs (Depths:1)
  12 ufetubi
  An ooze (D:5)
  16 worms
  8 giant geckos
  216 orcs
  4 bats
  11 giant cockroaches
  9 hobgoblins
  4 ball pythons
  A giant gecko skeleton (D:6)
  4 giant newts
  A giant newt skeleton (Crypt:2)
  11 goblins
  24 jackals
  2 jackal zombies
  10 kobolds
  6 quokkas
  2 quokka skeletons
  10 rats
  A rat skeleton (Crypt:1)
  6 crawling corpses
  A fire vortex (Vaults:5)
  A fungus (Lair:8)
  A lost soul (Crypt:3)
  6 lurking horrors
  2 plants
  5 spectral weapons
  13 starspawn tentacles
  5 tentacles
  4 tentacle segments
3815 creatures vanquished.

Vanquished Creatures (collateral kills)
  3 hydras
  3 death yaks
  A queen ant (Lair:1)
  Urug (Orc:1)
  Pikel (D:7)
  A hill giant (D:14)
  A harpy (Shoals:4)
  2 ugly things (D:14)
  An orb spider (Spider:2)
  A wolf spider (Spider:3)
  An elephant (Lair:7)
  A black mamba (Lair:4)
  A siren (Shoals:4)
  A torpor snail (Lair:8)
  A fire drake (Lair:8)
  2 komodo dragons (Lair:7)
  A polar bear (Lair:8)
  A troll (D:9)
  A two-headed ogre (D:9)
  3 blink frogs (Lair:1)
  3 raiju (Lair:8)
  A snapping turtle (Shoals:3)
  A trapdoor spider (Spider:3)
  3 redbacks (Spider:4)
  A tarantella (Spider:3)
  A wyvern (D:10)
  8 yaks
  A hungry ghost (D:9)
  3 hippogriffs
  Menkaure (D:5)
  5 soldier ants (Lair:1)
  A warg (Lair:8)
  5 wolves (Lair:8)
  A water moccasin (Lair:8)
  2 black bears (Lair:8)
  An ice beast (D:6)
  A porcupine (Lair:7)
  3 ogres
  3 centaurs
  3 crocodiles
  A giant frog (D:7)
  A scorpion (D:7)
  5 killer bees
  4 wights
  3 hounds (Lair:8)
  2 iguanas (Lair:3)
  2 orc wizards
  3 worker ants (Lair:1)
  An orc priest (D:10)
  2 adders (Lair:4)
  A river rat (Lair:7)
  An adder zombie (D:7)
  A worm (Lair:8)
  A giant gecko (D:5)
  4 orcs
  3 bats (D:8)
  3 jackals
  A quokka (D:7)
  3 fungi
118 creatures vanquished.

Vanquished Creatures (others)
  A fire giant (Depths:3)
  A draconian zealot (Depths:5)
  7 vault guards (Vaults:5)
  A yaktaur captain (Vaults:5)
  A merfolk aquamancer (Shoals:4)
  A sea snake (Shoals:4)
  A harpy (Shoals:4)
  An orb spider (Spider:4)
  A necromancer (Vaults:5)
  2 orc knights
  A fire giant zombie (Vaults:5)
  A torpor snail (Spider:4)
  A freezing wraith (Vaults:4)
  A shadow (Abyss:3)
  A neqoxec (Abyss:3)
  A golden eye (Slime:6)
  A chaos spawn (Abyss:3)
  An ogre (Vaults:3)
  2 orc warriors
  A jelly (Slime:6)
  A river rat (Lair:7)
  4 bushes (Lair:4)
  3335 eldritch tentacle segments (WizLab)
  29 fungi
  7 lost souls
  A lurking horror (Abyss:3)
  56 plants
  45 spectral weapons
  10 starspawn tentacles
  112 starspawn tentacle segments (Abyss:3)
  17 tentacles
  975 tentacle segments
4620 creatures vanquished.

Grand Total: 8553 creatures vanquished

Notes
Turn   | Place    | Note
--------------------------------------------------------------
     0 | D:1      | oplop the Merfolk Ice Elementalist began the quest for the Orb.
     0 | D:1      | Reached XP level 1. HP: 13/13 MP: 3/3
    74 | D:1      | Reached XP level 2. HP: 19/19 MP: 1/5
   478 | D:1      | Reached XP level 3. HP: 20/24 MP: 6/6
   723 | D:2      | Found a blossoming altar of Fedhas.
   728 | D:2      | Found a glowing golden altar of the Shining One.
   951 | D:2      | Reached skill level 4 in Ice Magic
  1005 | D:2      | Found a sacrificial altar of Ru.
  1066 | D:2      | Found a stormy altar of Qazlal.
  1263 | D:3      | Reached XP level 4. HP: 22/30 MP: 1/8
  1405 | D:3      | Noticed Ijyb
  1406 | D:3      | Found a faded altar to an unknown god.
  1423 | D:3      | Killed Ijyb
  1423 | D:3      | Reached XP level 5. HP: 21/35 MP: 0/9
  1716 | D:3      | Noticed Crazy Yiuf
  1758 | D:3      | Killed Crazy Yiuf
  2016 | D:3      | Learned a level 3 spell: Ozocubu's Armour
  2021 | D:3      | Learned a level 4 spell: Condensation Shield
  2089 | D:3      | Reached skill level 5 in Dodging
  2258 | D:4      | Reached skill level 5 in Ice Magic
  2269 | D:3      | Reached XP level 6. HP: 36/41 MP: 11/11
  2329 | D:4      | Noticed a centaur
  2535 | D:4      | Found a staircase to the Ecumenical Temple.
  2630 | Temple   | Entered the Ecumenical Temple
  2712 | D:4      | Noticed a moth of wrath
  2715 | D:4      | Found a bloodstained altar of Trog.
  2780 | D:4      | Found a shattered altar of Ashenzari.
  2780 | D:4      | Noticed Natasha
  2789 | D:4      | Killed Natasha
  3089 | D:4      | Noticed Natasha
  3091 | D:4      | Killed Natasha
  3186 | D:4      | Reached skill level 6 in Dodging
  3211 | D:4      | Found a shadowy altar of Dithmenos.
  3379 | D:4      | Reached XP level 7. HP: 30/46 MP: 3/13
  3518 | D:4      | Killed a centaur
  3721 | D:5      | Entered Level 5 of the Dungeon
  3721 | D:5      | Noticed Duvessa
  3721 | D:5      | Noticed Dowan
  3730 | D:4      | Noticed Natasha
  3737 | D:4      | Killed Natasha
  3849 | D:5      | Found a shimmering altar of Xom.
  3850 | D:5      | Found an opulent altar of Gozag.
  3918 | D:5      | Found a white marble altar of Elyvilon.
  3956 | D:5      | Killed Duvessa
  3956 | D:5      | Reached skill level 7 in Dodging
  3961 | D:5      | Killed Dowan
  4081 | D:5      | You fall through a shaft for 2 floors!
  4110 | D:7      | Learned a level 4 spell: Summon Ice Beast
  4263 | D:7      | Reached skill level 1 in Summonings
  4266 | D:7      | Reached XP level 8. HP: 52/52 MP: 15/15
  4329 | D:7      | Noticed Pikel
  4662 | D:5      | Noticed Menkaure
  4679 | D:5      | Killed Menkaure
  4679 | D:5      | Reached skill level 5 in Spellcasting
  4779 | D:5      | Found Daul's Antique Armour Emporium.
  4787 | D:5      | Bought a fine cloak for 190 gold pieces
  4797 | D:5      | Identified the +2 cloak of Negation {rC+ Str+3 Int+2 Dex+2} (You bought it in a shop on level 5 of the Dungeon)
  4837 | D:5      | Found an iron altar of Okawaru.
  4837 | D:5      | Found a snail-covered altar of Cheibriados.
  4837 | D:5      | Found a burning altar of Makhleb.
  4841 | D:5      | Found a glowing silver altar of Zin.
  5151 | D:6      | Reached skill level 8 in Dodging
  5376 | D:6      | Learned a level 4 spell: Throw Icicle
  5666 | D:6      | Found Noorag's Weapon Boutique.
  5757 | D:7      | Reached skill level 1 in Fighting
  5757 | D:7      | Reached XP level 9. HP: 54/59 MP: 3/17
  6287 | D:7      | Killed Pikel
  6287 | D:7      | Reached skill level 9 in Dodging
  6416 | D:7      | Noticed a spriggan baker
  6421 | D:7      | Killed a spriggan baker
  6616 | D:5      | Became a worshipper of Cheibriados the Contemplative
  6785 | D:8      | Reached skill level 1 in Conjurations
  6803 | D:8      | Reached skill level 1 in Unarmed Combat
  6859 | D:8      | Found a staircase to the Lair.
  6929 | D:8      | Reached skill level 1 in Invocations
  7009 | D:8      | Identified the Incunabulum of the Tick
  7025 | D:8      | Reached * piety under Cheibriados
  7273 | D:8      | Reached XP level 10. HP: 61/70 MP: 18/19
  7285 | D:8      | Gained mutation: You can translocate small distances at will. [potion of mutation]
  7285 | D:8      | Gained mutation: Your muscles are strong. (Str +2) [potion of mutation]
  7285 | D:8      | Gained mutation: You are agile. (Dex +2) [potion of mutation]
  7286 | D:8      | Gained mutation: You are partially covered in yellow scales (AC +2). [potion of mutation]
  7286 | D:8      | Gained mutation: You evolve. [potion of mutation]
  7286 | D:8      | Lost mutation: You are agile. (Dex +2) [potion of mutation]
  7287 | D:8      | Gained mutation: You are robust (+10% HP). [potion of mutation]
  7287 | D:8      | Gained mutation: You tend to lose your temper in combat. [potion of mutation]
  7527 | D:8      | Reached ** piety under Cheibriados
  7561 | D:8      | Lost mutation: You tend to lose your temper in combat. [evolution]
  8173 | D:9      | Reached *** piety under Cheibriados
  8173 | D:9      | Reached skill level 5 in Fighting
  8429 | D:9      | Found a sacrificial altar of Ru.
  8706 | D:10     | Entered Level 10 of the Dungeon
  8809 | D:10     | Reached **** piety under Cheibriados
  9083 | D:10     | Found a staircase to the Orcish Mines.
  9084 | D:10     | Noticed a hill giant
  9184 | Lair:1   | Entered Level 1 of the Lair of Beasts
  9322 | Lair:1   | Reached ***** piety under Cheibriados
  9331 | Lair:1   | Noticed a black mamba
  9335 | Lair:1   | Killed a black mamba
  9335 | Lair:1   | Reached skill level 5 in Unarmed Combat
  9335 | Lair:1   | Reached skill level 5 in Invocations
  9335 | Lair:1   | Reached XP level 11. HP: 87/89 MP: 17/22
  9425 | Lair:1   | Noticed a queen ant
  9435 | Lair:1   | Killed a queen ant
  9664 | Lair:1   | Learned a level 1 spell: Summon Butterflies
  9853 | Lair:1   | Reached ****** piety under Cheibriados
  9854 | Lair:1   | Reached skill level 10 in Dodging
 10149 | Lair:1   | Lost mutation: Your muscles are strong. (Str +2) [evolution]
 10343 | Lair:1   | Reached skill level 1 in Polearms
 10463 | Lair:2   | Reached XP level 12. HP: 88/100 MP: 11/24
 11137 | Lair:3   | Found a staircase to the Shoals.
 11204 | Lair:3   | Reached skill level 11 in Dodging
 11231 | Lair:3   | Noticed Maud
 11277 | Lair:4   | Noticed Snorg
 11289 | Lair:4   | Killed Snorg
 11321 | Lair:4   | Noticed a death yak
 11328 | Lair:4   | Killed a death yak
 11497 | Lair:4   | Found a snail-covered altar of Cheibriados.
 11833 | Lair:4   | Reached skill level 5 in Polearms
 11904 | Lair:4   | Reached skill level 10 in Invocations
 11912 | Lair:4   | Gained mutation: You are partially covered in rugged brown scales (AC +1, +3% HP). [evolution]
 12526 | Lair:5   | Reached XP level 13. HP: 101/111 MP: 26/26
 12808 | Lair:5   | Found a hole to the Spider Nest.
 13111 | Lair:6   | Reached skill level 12 in Dodging
 13705 | Lair:6   | Found a viscous altar of Jiyva.
 13705 | Lair:6   | Found a staircase to the Slime Pits.
 13906 | Lair:7   | Gained mutation: You are partially covered in iridescent scales (AC +4). [potion of beneficial mutation]
 14307 | Lair:7   | Reached skill level 13 in Dodging
 14395 | Lair:7   | Reached skill level 10 in Spellcasting
 14856 | Lair:7   | Reached skill level 10 in Fighting
 14878 | Lair:7   | Gained mutation: You have a pair of small horns on your head. [evolution]
 15011 | Lair:8   | Entered Level 8 of the Lair of Beasts
 15208 | Lair:8   | Reached XP level 14. HP: 124/124 MP: 28/28
 15262 | Lair:8   | Reached skill level 10 in Polearms
 15370 | Lair:8   | Found a runed door.
 15932 | Lair:8   | Reached skill level 14 in Dodging
 16918 | Lair:3   | Killed Maud
 17078 | Lair:3   | Noticed a six-headed hydra
 17087 | Lair:3   | Killed a ten-headed hydra
 17399 | D:10     | Killed a hill giant
 17697 | D:10     | Gained mutation: Your flesh is cold resistant. [evolution]
 18284 | D:11     | Found an opulent altar of Gozag.
 18612 | D:12     | Reached XP level 15. HP: 128/135 MP: 30/30
 18636 | D:12     | Noticed Psyche
 18647 | D:12     | Killed Psyche
 19219 | D:13     | Reached skill level 15 in Dodging
 19252 | D:13     | Found a labyrinth entrance.
 19278 | Lab      | Entered a labyrinth
 19589 | D:13     | Found a roughly hewn altar of Beogh.
 20351 | D:14     | Found a blossoming altar of Fedhas.
 20563 | D:14     | Found a gate to the Vaults.
 20970 | D:14     | Noticed Agnes
 20984 | D:14     | Killed Agnes
 21022 | D:14     | Reached skill level 16 in Dodging
 21344 | D:15     | Entered Level 15 of the Dungeon
 21455 | D:15     | Found Ettad's Antique Armour Shop.
 21460 | D:15     | Bought a pitted scale mail for 288 gold pieces
 21502 | D:15     | Identified the +4 scale mail "Xuropedgh" {rC+ SInv} (You bought it in a shop on level 15 of the Dungeon)
 21681 | D:15     | Gained mutation: You have a pair of horns on your head. [evolution]
 21822 | D:15     | Reached XP level 16. HP: 121/145 MP: 30/32
 22137 | D:15     | Found a staircase to the Depths.
 22213 | D:15     | Found a glowing golden altar of the Shining One.
 22777 | Orc:1    | Entered Level 1 of the Orcish Mines
 23074 | Orc:1    | Noticed Urug
 23075 | Orc:1    | Noticed Harold
 23088 | Orc:1    | Killed Harold
 23094 | Orc:1    | Killed Urug
 23868 | Orc:3    | Found a staircase to the Elven Halls.
 23906 | Orc:3    | Found a deep blue altar of Sif Muna.
 23950 | Orc:3    | Identified Sif Muna's Incunabulum of Conjuration
 24056 | Orc:3    | Learned a level 8 spell: Controlled Blink
 24336 | Orc:4    | Entered Level 4 of the Orcish Mines
 24613 | Orc:4    | Found Xegorghi's Jewellery Boutique.
 24629 | Orc:4    | Reached skill level 1 in Translocations
 24820 | Orc:4    | Found Zoczocle's Gadget Shoppe.
 24824 | Orc:4    | Found Begivaim's Food Shoppe.
 24830 | Orc:4    | Found Bayn's Distillery.
 24875 | Orc:4    | Found Vibriada's Antique Armour Emporium.
 24924 | Orc:4    | Bought the -2 hat of the Alchemist {rElec rPois rF+ rC+ rN+ MR+ rMut rCorr} for 1274 gold pieces
 25337 | Spider:1 | Entered Level 1 of the Spider Nest
 26607 | Spider:2 | Reached skill level 5 in Translocations
 26962 | Spider:3 | Reached XP level 17. HP: 107/154 MP: 26/34
 27335 | Spider:3 | Reached skill level 15 in Polearms
 27712 | Spider:4 | Entered Level 4 of the Spider Nest
 29753 | Spider:4 | Got a gossamer rune of Zot
 29810 | Spider:4 | Reached XP level 18. HP: 156/161 MP: 36/36
 30452 | Shoals:1 | Entered Level 1 of the Shoals
 30531 | Shoals:1 | Reached skill level 15 in Spellcasting
 30541 | Shoals:1 | Reached skill level 17 in Polearms
 31347 | Shoals:2 | Noticed Polyphemus
 32062 | Shoals:2 | Noticed Frances
 32070 | Shoals:2 | Killed Frances
 32223 | Shoals:2 | Killed Polyphemus
 32326 | Shoals:2 | Reached skill level 18 in Polearms
 32588 | Shoals:2 | Learned a level 3 spell: Spectral Weapon
 32592 | Shoals:2 | Learned a level 3 spell: Regeneration
 32755 | Shoals:2 | Learned a level 1 spell: Apportation
 33057 | Shoals:3 | Identified a scroll of acquirement
 33220 | Shoals:3 | Found Ecel Lyu's General Store.
 33735 | Shoals:4 | Entered Level 4 of the Shoals
 33774 | Shoals:4 | Reached skill level 10 in Translocations
 33880 | Shoals:4 | Reached XP level 19. HP: 153/168 MP: 38/38
 34056 | Shoals:4 | Got a faintly glowing pewter amulet
 34057 | Shoals:4 | Identified the amulet "Liumauxi" {rMut rElec} (You found it on level 4 of the Shoals)
 34087 | Shoals:4 | Noticed Ilsuiw
 34598 | Shoals:3 | Reached skill level 19 in Polearms
 35025 | Shoals:4 | Killed Ilsuiw
 35896 | Shoals:4 | Got a barnacled rune of Zot
 36166 | Shoals:4 | Reached skill level 20 in Polearms
 36238 | Shoals:4 | Identified the Disquisition on Ice and Confrontation
 36570 | Elf:1    | Entered Level 1 of the Elven Halls
 36589 | Elf:1    | Found a radiant altar of Vehumet.
 36699 | Elf:1    | Reached XP level 20. HP: 118/176 MP: 36/40
 36713 | Elf:1    | Found a magical portal.
 36730 | WizLab   | Entered The Roulette of Golubria
 36806 | WizLab   | Found a corrupted altar of Lugonu.
 36881 | WizLab   | Reached skill level 5 in Conjurations
 37507 | WizLab   | Got a faintly humming cloak
 37522 | WizLab   | Got a pitted cloak
 37539 | WizLab   | Got a faintly glowing cloak
 37642 | Elf:1    | Identified the +2 cloak of Trumpets {rN++} (You found it in a wizard's laboratory)
 37652 | Elf:1    | Identified the cursed -3 cloak of Shielding {Str+4 Stlth+} (You found it in a wizard's laboratory)
 37663 | Elf:1    | Identified the +0 cloak of the Morning Star {Dex+5} (You found it in a wizard's laboratory)
 37743 | Elf:1    | Identified the Almanac of Companions (You found it on level 1 of the Elven Halls)
 38137 | Elf:1    | Found Kyithoh's Magic Scroll Boutique.
 38449 | Elf:2    | Found a portal to a secret trove of treasure.
 38865 | Elf:2    | Found a runed gate.
 38865 | Elf:2    | Found a runed gate.
 38866 | Elf:2    | Found a runed gate.
 39031 | Elf:2    | Reached skill level 10 in Ice Magic
 39355 | Elf:3    | Entered Level 3 of the Elven Halls
 39407 | Elf:3    | Found a frozen archway.
 39493 | IceCv    | Entered an ice cave
 40710 | Elf:3    | Reached XP level 21. HP: 78/186 MP: 30/41
 41264 | Elf:3    | Found a roughly hewn altar of Beogh.
 41999 | Elf:3    | Identified the Guide on Gliding Confrontation
 42007 | Elf:3    | Learned a level 6 spell: Freezing Cloud
 42095 | Elf:3    | Learned a level 2 spell: Repel Missiles
 42370 | Lair:1   | Learned a level 5 spell: Aura of Abjuration
 42539 | Vaults:1 | Entered Level 1 of the Vaults
 42632 | Vaults:1 | Reached skill level 1 in Armour
 42658 | Vaults:1 | Reached skill level 1 in Air Magic
 42667 | Vaults:1 | Found Ziuxzal's Gadget Shop.
 43972 | Elf:2    | You paid a toll of a +3 storm dragon armour to enter a treasure trove
 43973 | Trove    | Entered a treasure trove
 43978 | Trove    | Got a heavily runed hat
 43980 | Trove    | Got a polished cloak
 43984 | Trove    | Got a brightly glowing shield
 43990 | Trove    | Got a twisted ice dragon armour
 43992 | Trove    | Got a pair of dazzling gloves
 43994 | Trove    | Got a brightly glowing plate armour
 44007 | Trove    | Got a spiked cloak
 44041 | Trove    | Identified the +3 cloak "Bugocs" {MR+ Str+4} (You found it in a treasure trove)
 44051 | Trove    | Identified the +0 cloak of the Frog {*Corrode rPois rC+ Str+3} (You found it in a treasure trove)
 44061 | Trove    | Identified the +2 hat of Zid Hain {Str+4} (You found it in a treasure trove)
 44070 | Trove    | Got a faintly glowing ring mail
 44083 | Trove    | Identified the +0 pair of gloves "Regy" {Dex+2} (You found it in a treasure trove)
 44126 | Elf:2    | Identified the +7 shield of the Last Lies {Dex+5} (You found it in a treasure trove)
 44136 | Elf:2    | Identified the +0 ice dragon armour "Jeomostri" {rF- rC++ rN+ Int+4} (You found it in a treasure trove)
 44159 | Elf:2    | Identified the +1 plate armour "Iguhoot" {Int+2} (You found it in a treasure trove)
 44185 | Elf:2    | Identified the +1 ring mail of Purpose {+Fly} (You found it in a treasure trove)
 44971 | Vaults:2 | Reached XP level 22. HP: 179/195 MP: 27/42
 45149 | Vaults:2 | Found Amuisuho's Food Shop.
 45630 | Vaults:3 | Reached skill level 5 in Armour
 45851 | Vaults:3 | Got a slimy great mace
 45852 | Vaults:3 | Identified the cursed +0 great mace of the Swamp {venom, Int+2} (You found it on level 3 of the Vaults)
 46078 | Vaults:3 | Found a staircase to the Crypt.
 46237 | Vaults:3 | Found Yclixiust's Book Shoppe.
 46245 | Vaults:3 | Bought a book of Enchantments for 900 gold pieces
 46252 | Vaults:3 | Learned a level 6 spell: Deflect Missiles
 46391 | Vaults:3 | Reached skill level 21 in Polearms
 46408 | Vaults:3 | Reached skill level 1 in Charms
 47133 | Vaults:4 | Found Peustu's Assorted Antiques.
 47151 | Vaults:4 | Bought a scroll of teleportation for 123 gold pieces
 47164 | Vaults:4 | Found Zyn Jira's Book Shop.
 47685 | Vaults:4 | Reached XP level 23. HP: 174/202 MP: 29/43
 47956 | Vaults:4 | Reached skill level 5 in Charms
 48108 | Vaults:4 | Found Hayset's Magic Scroll Boutique.
 48209 | Vaults:4 | Found Luxi's Weapon Boutique.
 48588 | Vaults:4 | Lost mutation: You are partially covered in rugged brown scales (AC +1, +3% HP). [evolution]
 48808 | Depths:1 | Entered Level 1 of the Depths
 48808 | Depths:1 | Found Uca Lufa's Distillery.
 48808 | Depths:1 | Noticed Norris
 48837 | Depths:1 | Killed Norris
 48874 | Depths:1 | Bought a potion of heal wounds for 60 gold pieces
 48874 | Depths:1 | Bought a potion of might for 48 gold pieces
 48874 | Depths:1 | Bought a potion of curing for 36 gold pieces
 48874 | Depths:1 | Bought a potion of might for 48 gold pieces
 48930 | Depths:1 | Found a gateway to Hell.
 49209 | Depths:1 | Noticed Sojobo
 49224 | Depths:1 | Reached skill level 22 in Polearms
 49234 | Depths:1 | Killed Sojobo
 49869 | Depths:1 | Found a shattered altar of Ashenzari.
 49963 | Depths:1 | Reached skill level 5 in Air Magic
 50304 | Depths:2 | Noticed Jorgrun
 50316 | Depths:2 | Killed Jorgrun
 50662 | Depths:2 | Reached XP level 24. HP: 90/204 MP: 26/43
 50808 | Depths:2 | Found Gozag's Antique Weapon Boutique.
 50818 | Depths:2 | Found an opulent altar of Gozag.
 50818 | Depths:2 | Found Gozag's Assorted Antiques.
 50875 | Depths:2 | Found Gozag's Antique Armour Shop.
 50875 | Depths:2 | Noticed Asterion
 50909 | Depths:2 | Killed Asterion
 51462 | Depths:3 | Noticed Mara
 51478 | Depths:3 | Killed Mara
 51575 | Depths:3 | Found a one-way gate leading to the halls of Pandemonium.
 51657 | Depths:3 | Reached skill level 23 in Polearms
 51872 | Depths:3 | Found a snail-covered altar of Cheibriados.
 52301 | Depths:3 | Got a pair of translucent boots
 52312 | Depths:3 | Identified the +0 pair of boots of the Lonely Realms {MP+9 Dex+3 Slay+2} (You found it on level 3 of the Depths)
 52479 | Depths:3 | Reached skill level 15 in Translocations
 52986 | Depths:3 | Upgraded the game from 0.17.0-22-g5edae84 to 0.17.0-23-g0de4337
 53033 | Depths:4 | Reached skill level 15 in Fighting
 53159 | Depths:3 | Reached XP level 25. HP: 213/213 MP: 43/43
 53674 | Depths:4 | Found an iron altar of Okawaru.
 53766 | Depths:4 | Found a corrupted altar of Lugonu.
 53766 | Depths:4 | Found a one-way gate to the infinite horrors of the Abyss.
 53875 | Depths:4 | Noticed Jory
 53888 | Depths:4 | Killed Jory
 54301 | Depths:5 | Entered Level 5 of the Depths
 54373 | Depths:5 | Reached skill level 24 in Polearms
 54389 | Depths:5 | Got a translucent bronze ring
 54434 | Depths:5 | Reached skill level 10 in Armour
 54807 | Depths:5 | Found a gateway to a ziggurat.
 54939 | Depths:5 | Identified the ring "Qulawaru" {-Tele rC+ MP+9 Dex+3 SInv} (You found it on level 5 of the Depths)
 54962 | Depths:5 | Found a gate to the Realm of Zot.
 55086 | Depths:5 | Noticed a juggernaut
 55110 | Depths:5 | Killed a juggernaut
 55110 | Depths:5 | Reached XP level 26. HP: 95/222 MP: 17/43
 55311 | Depths:5 | Found Vuklum's Weapon Shop.
 56088 | Lair:6   | Noticed Josephine
 56097 | Lair:6   | Killed Josephine
 56166 | Slime:1  | Entered Level 1 of the Pits of Slime
 56233 | Slime:2  | Gained mutation: You expend magic power (3 MP) to strengthen your wands. [a shining eye]
 56417 | Slime:6  | Entered Level 6 of the Pits of Slime
 56591 | Slime:6  | Noticed the royal jelly
 56859 | Slime:6  | Killed the royal jelly
 56859 | Slime:6  | Reached skill level 10 in Conjurations
 57030 | Slime:6  | Reached skill level 25 in Polearms
 57073 | Slime:6  | Got a pair of distressingly furry gloves
 57084 | Slime:6  | Identified the cursed +0 pair of gloves of Douss {rF+ Regen+ Int-5 Dex+3} (You found it on level 6 of the Pits of Slime)
 57089 | Slime:6  | Identified a +7 rod of ignition (13/13) (You found it on level 6 of the Pits of Slime)
 57111 | Slime:6  | Got a coiled brass ring
 57113 | Slime:6  | Identified the ring "Huudweem" {MP+9 SInv} (You found it on level 6 of the Pits of Slime)
 57170 | Slime:6  | Learned a level 7 spell: Orb of Destruction
 57200 | Slime:6  | Got a slimy rune of Zot
 58821 | Vaults:2 | Lost mutation: You expend magic power (3 MP) to strengthen your wands. [evolution]
 58948 | Crypt:1  | Entered Level 1 of the Crypt
 59087 | Crypt:1  | Reached XP level 27. HP: 49/234 MP: 43/43
 59844 | Crypt:2  | Noticed Saint Roka
 60509 | Crypt:3  | Entered Level 3 of the Crypt
 61029 | Crypt:3  | Identified Iskenderun's Compendium of Battle Magic and Cold
 61220 | Crypt:3  | Reached skill level 15 in Ice Magic
 61368 | Crypt:3  | Found an ancient bone altar of Kikubaaqudgha.
 61442 | Crypt:3  | Noticed an ancient lich
 61473 | Crypt:3  | Killed an ancient lich
 61485 | Crypt:3  | Identified An Introduction to Secret Knowledge (You found it on level 3 of the Crypt)
 61615 | Crypt:3  | Noticed an ancient lich
 61625 | Crypt:3  | Killed an ancient lich
 61762 | Crypt:3  | Found a staircase to the Tomb.
 62368 | Vaults:5 | Entered Level 5 of the Vaults
 62549 | Vaults:5 | Noticed an ancient lich
 62586 | Vaults:4 | Killed an ancient lich
 62815 | Vaults:4 | Reached skill level 15 in Conjurations
 63227 | Vaults:5 | Learned a level 9 spell: Glaciate
 63294 | Vaults:5 | Identified the Guide on Creative Lightness
 63301 | Vaults:5 | Got a silver rune of Zot
 64629 | D:10     | Lost mutation: You have a pair of horns on your head. [evolution]
 65454 | Depths:4 | Voluntarily entered the Abyss.
 65698 | Abyss:3  | Gained mutation: You passively map a small area around you. [potion of beneficial mutation]
 66095 | Abyss:3  | Reached skill level 26 in Polearms
 66148 | Abyss:3  | Noticed an ancient lich
 66173 | Abyss:3  | Killed an ancient lich
 66738 | Abyss:3  | Paralysed by accursed screaming for 2 turns
 66744 | Abyss:3  | Paralysed by accursed screaming for 1 turns
 66761 | Abyss:3  | Found a corrupted altar of Lugonu.
 67334 | Abyss:3  | Found a corrupted altar of Lugonu.
 67641 | Abyss:3  | Paralysed by you for 6 turns
 67662 | Abyss:3  | Found an opulent altar of Gozag.
 67847 | Abyss:3  | Found a corrupted altar of Lugonu.
 68084 | Abyss:3  | Paralysed by you for 7 turns
 68321 | Abyss:3  | Found a glowing golden altar of the Shining One.
 68364 | Abyss:3  | Got an abyssal rune of Zot
 68883 | Depths:4 | Escaped the Abyss
 68962 | Zot:1    | Entered Level 1 of the Realm of Zot
 68983 | Zot:1    | Noticed an orb of fire
 68992 | Zot:1    | Killed an orb of fire
 69115 | Zot:1    | HP: 11/236 [moth of wrath (15)]
 69119 | Zot:1    | Slain by a white draconian knight

Action                   |  1- 3 |  4- 6 |  7- 9 | 10-12 | 13-15 | 16-18 | 19-21 | 22-24 | 25-27 || total
-------------------------+-------+-------+-------+-------+-------+-------+-------+-------+-------++-------
Melee: Dagger            |    15 |       |       |       |       |       |       |       |       ||    15
       Unarmed           |     3 |       |       |       |       |       |       |       |       ||     3
       Spear             |    60 |   126 |    22 |       |       |       |       |       |       ||   208
       Trident           |       |       |   221 |   132 |       |       |       |       |       ||   353
       Halberd           |       |       |       |   450 |  1363 |  1551 |   200 |       |       ||  3564
       Staff             |       |       |       |       |     1 |       |       |       |       ||     1
       Demon trident     |       |       |       |       |       |       |  1713 |  1643 |  2140 ||  5496
       Bardiche          |       |       |       |       |       |       |       |       |  1292 ||  1292
 Cast: Freeze            |    23 |    92 |   149 |    55 |    16 |       |       |       |       ||   335
       Ozocubu's Armour  |       |     4 |    23 |    34 |    39 |    43 |    52 |    19 |    31 ||   245
       Condensation Shie |       |     1 |    22 |    33 |    39 |    40 |    53 |    19 |    31 ||   238
       Summon Ice Beast  |       |       |    17 |    52 |    51 |    39 |    10 |       |       ||   169
       Throw Icicle      |       |       |     1 |    26 |    40 |    83 |    32 |    20 |    27 ||   229
       Summon Butterflie |       |       |       |       |     1 |     3 |       |       |       ||     4
       Regeneration      |       |       |       |       |       |     2 |    46 |     6 |    89 ||   143
       Spectral Weapon   |       |       |       |       |       |       |    32 |    45 |    65 ||   142
       Freezing Cloud    |       |       |       |       |       |       |     2 |    56 |    55 ||   113
       Repel Missiles    |       |       |       |       |       |       |     2 |     5 |       ||     7
       Aura of Abjuratio |       |       |       |       |       |       |     1 |       |    11 ||    12
       Deflect Missiles  |       |       |       |       |       |       |       |     4 |    10 ||    14
       Controlled Blink  |       |       |       |       |       |       |       |       |     2 ||     2
       Apportation       |       |       |       |       |       |       |       |       |    12 ||    12
Invok: Slouch            |       |       |       |     9 |     9 |    30 |    12 |    10 |    14 ||    84
       Temporal Distorti |       |       |       |     1 |     3 |     3 |     4 |       |     1 ||    12
       Bend Time         |       |       |       |       |       |     1 |     4 |       |       ||     5
       Step From Time    |       |       |       |       |       |     1 |       |       |     1 ||     2
 Abil: Blink             |       |       |       |       |       |     3 |       |       |     4 ||     7
Evoke: Wand              |       |     5 |       |       |       |     3 |       |       |     8 ||    16
       Disc of storms    |       |       |       |       |       |       |     2 |       |       ||     2
  Use: Scroll            |       |       |     2 |    23 |    11 |     5 |    20 |     2 |    31 ||    94
       Potion            |       |       |       |     4 |     1 |     2 |     2 |     1 |    12 ||    22
 Stab: Sleeping          |     6 |     5 |     9 |    15 |    28 |    18 |    19 |    11 |    18 ||   129
       Distracted        |     1 |     1 |     2 |     9 |    21 |    22 |    24 |    18 |    58 ||   156
       Invisible         |       |       |       |       |       |     8 |       |       |     1 ||     9
       Petrifying        |       |       |       |       |       |       |       |       |     3 ||     3
       Held in net/web   |       |       |       |       |       |       |       |       |     2 ||     2
  Eat: Chunk             |     1 |     7 |     9 |    11 |    15 |    10 |     5 |     6 |     3 ||    67
       Royal jelly       |       |       |     2 |       |     1 |     2 |       |       |       ||     5
       Pizza             |       |       |     1 |       |       |       |       |     1 |       ||     2
       Meat ration       |       |       |     1 |       |       |     3 |     4 |     1 |     7 ||    16
       Fruit             |       |       |       |     3 |       |       |       |       |     2 ||     5
       Beef jerky        |       |       |       |       |     4 |       |     1 |     5 |     5 ||    15
